 Dungeon Sprint DCSS version 0.23-a0-681-g26ad783 (webtiles) character file.

89 Lanoc the Shield-Bearer (level 4, -2/39 HPs)
             Began as a Formicid Fighter on Jan 10, 2019.
             Slain by an iguana (3 damage)
             ... in the Dungeon (Sprint IX: "|||||||||||||||||||||||||||||").
             The game lasted 00:00:25 (113 turns).

Lanoc the Shield-Bearer (Formicid Fighter)           Turns: 113, Time: 00:00:25

Health: -2/39      AC:  7    Str: 21    XL:     4   Next: 84%
Magic:  4/4        EV:  9    Int:  8    God:
Gold:   0          SH: 10    Dex: 10    Spells: 3/3 levels left

rFire    . . .     SeeInvis +   a - +0 long sword
rCold    . . .     Gourm    .   c - +0 shield
rNeg     . . .     Faith    .   b - +0 scale mail
rPois    .         Spirit   .   (helmet unavailable)
rElec    .         Reflect  .   (no cloak)
rCorr    .         Harm     .   (no gloves)
MR       .....                  (no boots)
Stlth    ..........             (no amulet)
HPRegen  0.13/turn              (no ring)
MPRegen  0.09/turn              (no ring)

@: no status effects
A: permanent stasis, dig shafts and tunnels, four strong arms, antennae 3
a: Dig


You were in the Dungeon.
You were not hungry.

You visited 1 branch

Inventory:

Hand Weapons
 a - a +0 long sword (weapon)
Armour
 b - a +0 scale mail (worn)
 c - a +0 shield (worn)
Scrolls
 k - a scroll of blinking
Potions
 d - a potion of might
 e - a potion of curing
 g - a potion of heal wounds
 h - a potion of haste
 i - 2 potions of magic
 j - a potion of berserk rage
Comestibles
 f - a ration
 l - 5 chunks of flesh


   Skills:
 + Level 5.0 Fighting
 * Level 5.3 Long Blades
 + Level 5.0 Armour
 + Level 2.8 Dodging
 + Level 5.4 Shields


You had 3 spell levels left.
You didn't know any spells.
Your spell library was empty.

Dungeon Overview and Level Annotations

Branches:
Dungeon (1/1)

Altars:


Innate Abilities, Weirdness & Mutations

You cannot be hasted, slowed, berserked, paralysed or teleported.
You can dig through walls and to a lower floor.
Your four strong arms can wield two-handed weapons with a shield.
You have a pair of large antennae on your head. (SInv)


Message History

You hit the iguana but do no damage. The iguana bites you.
You hit the iguana but do no damage. You block the iguana's attack.
You hit the iguana.
The iguana is lightly wounded.
The iguana bites you!
* * * LOW HITPOINT WARNING * * *
You hit the iguana but do no damage.
The iguana is lightly wounded.
The iguana bites you but does no damage.
You hit the iguana but do no damage.
The iguana is lightly wounded.
The iguana closely misses you.
You riposte.
You hit the iguana but do no damage.
The iguana is lightly wounded.
You hit the iguana but do no damage.
The iguana is lightly wounded.
The iguana bites you.
* * * LOW HITPOINT WARNING * * *
The iguana bites you.
You die...

▓+▓
▓.▓
▓.▓
▓.▓
▓.▓
▓h▓
▓l▓
▓@▓
▓.▓
▓.▓
▓.▓
▓.▓
▓)▓
▓.▓
▓.▓
▓.▓


You could see an iguana and a hound.

Vanquished Creatures
  A sky beast (D)
  A giant cockroach (D)
  A hobgoblin (D)
  A ball python (D)
  A bat (D)
  A frilled lizard (D)
  2 kobolds (D)
8 creatures vanquished.

Vanquished Creatures (others)
  A spatial maelstrom (D)
1 creature vanquished.

Grand Total: 9 creatures vanquished

Notes
Turn   | Place    | Note
-------+----------+-------------------------------------------
     0 | D        | Lanoc the Formicid Fighter began the quest for the Orb.
     0 | D        | Reached XP level 1. HP: 18/18 MP: 1/1
     9 | D        | Banished a spatial maelstrom
    95 | D        | Noticed a hound
    95 | D        | Noticed an iguana
    95 | D        | Noticed a sky beast
    98 | D        | Reached skill level 1 in Dodging
    98 | D        | Reached XP level 2. HP: 23/24 MP: 2/2
   106 | D        | Killed a sky beast
   106 | D        | Reached skill level 5 in Fighting
   106 | D        | Reached skill level 5 in Long Blades
   106 | D        | Reached skill level 5 in Armour
   106 | D        | Reached skill level 5 in Shields
   106 | D        | Reached XP level 3. HP: 23/33 MP: 3/3
   106 | D        | Reached XP level 4. HP: 27/39 MP: 4/4
   113 | D        | HP: 1/39 [iguana (6)]
   113 | D        | Slain by an iguana

Vault maps used:
D:        linesprint

Skill      XL: |  1  2 |
---------------+-------+-----
Shields        | 4 5 |  5.4
Dodging        | 1 2 |  2.8
Fighting       | 5 |  5.0
Long Blades    | 5 |  5.3
Armour         | 5 |  5.0

Action                   |  1- 3 |  4- 6 || total
-------------------------+-------+-------++-------
Melee: Long sword        |    27 |     7 ||    34
Armor: Scale mail        |     7 |     2 ||     9
Dodge: Dodged            |     8 |     1 ||     9
Block: Shield            |     9 |     1 ||    10
       Rpst.: Long sword |     3 |     1 ||     4

Table legend:
 A = Non-vault XP
 B = Vault XP
 C = Vault XP percentage of total XP
 D = Non-vault monster count
 E = Vault monster count
 F = Vault count percentage of total count
                 A         B        C        D         E       F
            +---------+---------+-------+---------+---------+-------
      Total |       0 |     128 | 100.0 |       0 |       8 | 100.0
            +---------+---------+-------+---------+---------+-------
          D |       0 |     128 | 100.0 |       0 |       8 | 100.0
            +---------+---------+-------+---------+---------+-------
